 Dungeon Crawl Stone Soup version 0.19.1-1-g22dce08 (webtiles) character file.

21 Angani the Skirmisher (level 2, 0/24 HPs)
             Began as a Demonspawn Chaos Knight on Jan 5, 2017.
             Slain by an adder (2 damage)
             ... on level 2 of the Dungeon.
             The game lasted 00:01:53 (1130 turns).

Angani the Skirmisher (Demonspawn Chaos Knight)     Turns: 1130, Time: 00:01:54

Health: 0/24       AC:  5    Str: 12    XL:     2   Next: 65%
Magic:  2/2        EV: 11    Int: 13    God:    Xom [...*..]
Gold:   32         SH:  0    Dex: 12    Spells: 0 memorised, 1 level left

rFire  . . .     SeeInvis .     a - +0 mace (chaos)
rCold  . . .     Gourm    .     b - +2 leather armour
rNeg   . . .     Faith    .     (no shield)
rPois  .         Spirit   .     (helmet restricted)
rElec  .         Reflect  .     (no cloak)
rCorr  .         Harm     .     (no gloves)
MR     .....                    (no boots)
Stlth  +.........               (no amulet)
                                (no ring)
                                (no ring)

@: lethally poisoned (0 -> -13), drained
A: horns 1, powered by death 1
a: Renounce Religion


You were on level 2 of the Dungeon.
You worshipped Xom.
You were a favourite toy of Xom.
You were hungry.

You visited 1 branch of the dungeon, and saw 2 of its levels.

You collected 32 gold pieces.

Inventory:

Hand Weapons
 a - a +0 mace of chaos (weapon)
Armour
 b - a +2 leather armour (worn)
Scrolls
 d - a scroll of immolation {unknown}
 e - a scroll of remove curse {unknown}
 f - 2 scrolls of identify {unknown}
 j - a scroll of blinking {unknown}
Comestibles
 c - 2 bread rations
 g - 2 meat rations


   Skills:
 + Level 3.5(3.2) Fighting
 + Level 3.1(2.8) Maces & Flails
 + Level 1.9(1.6) Armour
 + Level 0.8(0.5) Dodging


You had one spell level left.
You didn't know any spells.

Dungeon Overview and Level Annotations

Branches:
Dungeon (2/15)

Altars:
Xom

Annotations:
D:2 Terence


Innate Abilities, Weirdness & Mutations

You regenerate a little health from kills.
You have a pair of small horns on your head.


Message History

Okay, then.
Unknown command.
You hit Terence.
Terence is lightly wounded.
The adder closely misses you. Terence closely misses you.
The adder barely misses you.
You closely miss Terence.
Terence is lightly wounded.
The adder barely misses you. Terence hits you but does no damage.
You closely miss Terence.
Terence is lightly wounded. "There, this looks better."
You are now a favourite toy of Xom.
The adder barely misses you.
Terence hits you with a short sword of chaos.
* * * LOW HITPOINT WARNING * * *
You are lethally poisoned!
The kobold completely misses you. The adder bites you.
You die...
Xom bursts into laughter!

#####
#.@S#
#.K@......
#....####.
#....#
#....#
#_.._#
#_..._
#...###


You could see Terence, an adder and a kobold.

Vanquished Creatures
  A dart slug (D:1)
  A leopard gecko (D:1)
  2 giant cockroaches (D:1)
  2 goblins (D:1)
  2 hobgoblins (D:1)
  2 ball pythons (D:1)
  4 bats (D:1)
  2 frilled lizards (D:1)
  A kobold (D:1)
  3 rats (D:1)
20 creatures vanquished.

Notes
Turn   | Place    | Note
-------+----------+-------------------------------------------
     0 | D:1      | Angani the Demonspawn Chaos Knight began the quest for the Orb.
     0 | D:1      | Reached XP level 1. HP: 18/18 MP: 1/1
     2 | D:1      | Noticed a tengu
     2 | D:1      | Noticed a gargoyle
     4 | D:1      | Noticed an ogre
     6 | D:1      | Noticed a minotaur
     6 | D:1      | Noticed a ghoul
     8 | D:1      | Noticed a vine stalker
     8 | D:1      | Noticed a demonspawn
    10 | D:1      | Noticed a centaur
    10 | D:1      | Noticed a merfolk
    12 | D:1      | Noticed a formicid
    12 | D:1      | Noticed a halfling
    14 | D:1      | Noticed a naga
    14 | D:1      | Noticed a draconian
    16 | D:1      | Noticed a spriggan
    16 | D:1      | Noticed a human
    18 | D:1      | Noticed a troll
    18 | D:1      | Noticed a demigod
    20 | D:1      | Noticed a vampire
    22 | D:1      | Noticed a dwarf
    22 | D:1      | Noticed an elf
    24 | D:1      | Noticed an octopode
    24 | D:1      | Noticed a felid
    74 | D:1      | XOM: harmless Tmut miscast
   238 | D:1      | XOM: silly message
   344 | D:1      | Gained mutation: You regenerate a little health from kills. [demonic ancestry]
   344 | D:1      | Reached XP level 2. HP: 14/24 MP: 2/2
   429 | D:1      | XOM: harmless Fire miscast
   458 | D:1      | XOM: silly message
   788 | D:1      | XOM: harmless Conj miscast
  1112 | D:2      | Noticed Terence
  1124 | D:2      | XOM: chaos upgrade
  1127 | D:2      | Gained mutation: You have a pair of small horns on your head. [potion of beneficial mutation]
  1130 | D:2      | XOM: scenery: create altars
  1130 | D:2      | Slain by an adder

Skill      XL: |  1  2 |
---------------+-------+-----
Maces & Flails | 3 |  3.1
Fighting       | |  3.5
Armour         | |  1.9
Dodging        | |  0.8

Action                   || total
-------------------------++-------
Melee: Mace              ||    64
  Use: Potion            ||     2
 Stab: Paralysed         ||     4
Armor: Leather armour    ||    19
Dodge: Dodged            ||    45
